AoeStats
← sportik

Arabian Desert

510274282Analyzed
1v1 RM · 1d ago on Sep 30, 2026· 34m 10s· 2 players
Game mode
Random Map
Map size
Tiny (2 player)
Population
200
Speed
Normal
Resources
Standard
Victory
Conquest
Starting age
Dark Age
Ending age
Imperial Age
RankedLock teamsTeams togetherTeam positionsShared explorationLock speedFull tech treeHidden civsTurbo modeCheats
Victory
Defeat
🇪🇸 Hindustanis · Spain
1047
+16
🇹🇼 Spanish · Taiwan
1040
-16
sportik
10:27 Feudal Age
13:22 Loom
15:45 Castle Age
19:59 Double-Bit Axe
28:40 Stone Mining
marce
2:21 Loom
9:01 Feudal Age
11:23 Double-Bit Axe
18:30 Castle Age
16:53 Horse Collar
18:19 Stone Mining
19:13 Wheelbarrow
22:56 Hand Cart
28:30 Arson
28:46 Squires
29:31 Scale Mail Armor
29:41 Forging
33:10 Grand Trunk Road
33:10 Gold Mining
Connection lost

Rejoining the realm…

Still unreachable

The connection could not be restored.

Session expired

The server has moved on; the page needs a fresh start.